 Dungeon Crawl Stone Soup version 0.28-a0-1080-g05a166d0ed (webtiles) character file.

Game seed: 11274313182223931418

12 ytrimaz the Insei (level 2, 0/18 HPs)
             Began as an Octopode Transmuter on Dec 10, 2021.
             Slain by a jackal (3 damage)
             ... on level 1 of the Dungeon.
             The game lasted 00:00:48 (349 turns).

ytrimaz the Insei (Octopode Transmuter)              Turns: 349, Time: 00:00:49

Health: 0/18       AC:  1    Str:  9    XL:     2   Next: 33%
Magic:  5/5        EV: 13    Int: 15    God:
Gold:   26         SH:  0    Dex: 12    Spells: 4/5 levels left

rFire   . . .      SeeInvis .     - Unarmed
rCold   . . .      Faith    .   (no shield)
rNeg    . . .      Spirit   .   (helmet restricted)
rPois   .          Reflect  .   (no amulet)
rElec   .          Harm     .   (no ring)
rCorr   .          Rampage  .   (no ring)
Will    .....                   (no ring)
Stlth   ++........              (no ring)
HPRegen 0.06/turn               (no ring)
MPRegen 0.09/turn               (no ring)
                                (no ring)
                                (no ring)

@: no status effects
A: almost no armour, amphibious, 8 rings, camouflage 1, gelatinous body 1,
(nimble swimmer 1), tentacles
a: no special abilities


You were on level 1 of the Dungeon.
You visited 1 branch of the dungeon, and saw 1 of its levels.

You collected 26 gold pieces.

You aren't carrying anything.


   Skills:
 * Level 1.2 Fighting
 - Level 2.0 Dodging
 + Level 3.2 Unarmed Combat
 * Level 2.2 Spellcasting
 * Level 2.2 Transmutations


You had 4 spell levels left.
You knew the following spells:

 Your Spells              Type           Power      Damage    Failure   Level
a - Beastly Appendage     Tmut           16%        N/A       9%          1

Your spell library contained the following spells:

 Spells                   Type           Power      Damage    Failure   Level
 Wereblood                Tmut           8%         N/A       13%         2
 Spider Form              Tmut/Pois      5%         N/A       38%         3
 Ice Form                 Ice/Tmut       5%         N/A       80%         4


Dungeon Overview and Level Annotations

Branches:
Dungeon (1/15)

Altars:

Shops:
D:1 [


Innate Abilities, Weirdness & Mutations

You cannot wear most types of armour.
You are amphibious.
You can wear up to eight rings at the same time.
Your skin changes colour to match your surroundings (Stealth+).
Your rubbery body absorbs attacks. (AC +1, EV +1)
((You are camouflaged near water. (Stealth+)))
You have tentacles for arms and can constrict up to eight enemies at once.


Message History

You kill the jackal!
The jackal misses you. The jackal barely misses you.
The frilled lizard bites you.
* * * LOW HITPOINT WARNING * * *
The jackal bites you.
* * * LOW HITPOINT WARNING * * *
You see here a jackal corpse.
The bat barely misses you.
You barely miss the bat. Your grab misses the bat. The bat barely misses you.
The bat closely misses you.
You aren't carrying any potions.
You aren't carrying any scrolls.
Unknown command.
Unknown command.
You closely miss the bat. Your grab misses the bat. You squeeze the bat.
You kill the bat!
A nearby plant withers and dies.
You tentacle-slap the jackal. Your grab misses the jackal.
The jackal is heavily wounded.
The jackal barely misses you.
You tentacle-slap the jackal but do no damage.
Your grab misses the jackal.
The jackal is heavily wounded.
The jackal bites you.
* * * LOW HITPOINT WARNING * * *
You barely miss the jackal. You grab the jackal.
The jackal is heavily wounded.
You constrict the jackal. The jackal misses you. The jackal barely misses you.
Unknown command.
You barely miss the jackal.
The jackal is severely wounded.
You constrict the jackal, but do no damage.
The jackal bites you but does no damage.
You tentacle-slap the jackal.
You kill the jackal!
Unknown command.
You tentacle-slap the jackal. Your grab misses the jackal.
The jackal is moderately wounded.
The jackal misses you. The jackal bites you.
You die...

..#.....#..## #.≈♣≈.≈≈l≈♣♣♣
.#.......#..## ♣P≈.≈Ph♣♣
#....<....#..# ♣≈≈.≈≈h♣
.#.......#..######. ♣≈≈.≈≈P♣
..#.....#.......... ♣≈≈.≈≈≈♣
#..#####..#...########♣♣≈.≈≈≈#
#........##...## #....≈♣≈.≈≈≈#
#.####.##.......##h...≈♣≈.≈≈≈##
#.. ... .......@hlg..≈♣h.≈≈≈≈#
###### .......##h..♣≈P≈.≈≈≈≈#
##...####...≈P≈≈†≈P≈♣# #...#
#...≈≈≈≈.P≈PP# #.
#...♣≈P≈.≈≈PP# #.
#...≈≈≈≈.≈≈≈## . #....♣P≈.≈♣##
####..≈≈.P# ##.....#


You could see 3 jackals, a goblin and a frilled lizard.

Vanquished Creatures
  A dart slug (D:1)
  A ball python (D:1)
  3 jackals (D:1)
  A bat (D:1)
  2 frilled lizards (D:1)
  A kobold (D:1)
  2 rats (D:1)
11 creatures vanquished.

Vanquished Creatures (others)
  9 plants (D:1)
9 creatures vanquished.

Grand Total: 20 creatures vanquished

Notes
Turn   | Place    | Note
-------+----------+-------------------------------------------
     0 | D:1      | ytrimaz the Octopode Transmuter began the quest for the
                  | Orb.
     0 | D:1      | Reached XP level 1. HP: 13/13 MP: 3/3
   265 | D:1      | Found Sebonoh's Antique Armour Emporium.
   280 | D:1      | Reached XP level 2. HP: 18/18 MP: 3/5
   349 | D:1      | Slain by a jackal

Illustrated notes

Levels and vault maps discovered:
D:1:      scummos_arrival_hexagon, layout_loops_ring,
          dilly_ecumenical_altar_fadedgnrine, serial_bayou, serial_bayou_pond_d,
          serial_bayou_shore_b, serial_bayou_lagoon_b, serial_bayou_pond_c,
          serial_bayou_crossing, serial_bayou_lagoon_a, serial_shops, shop

Action                   || total
-------------------------++-------
Melee: Unarmed           ||    28
       Constrict         ||     9
       Kick              ||     6
       Tentacles         ||     3
       Punch             ||     1
 Cast: Beastly Appendage ||     6
  Use: Scroll            ||     2
 Stab: Sleeping          ||     1
Armor: Skin              ||     3
Dodge: Dodged            ||    40

Table legend: (Time is in decaauts)
 A = Elapsed time spent in this place.
 B = Non-inter-level travel time spent in this place.
 C = Inter-level travel time spent in this place.
 D = Time resting spent in this place.
 E = Time spent auto-exploring this place.
 F = Levels seen in this place.
 G = Mean time per level.
                   A        B        C        D        E       F      G
               +--------+--------+--------+--------+--------+-----+--------+
         Total |    347 |    347 |      0 |      0 |    228 |   1 |  347.0 |
       Dungeon |    347 |    347 |      0 |      0 |    228 |   1 |  347.0 |
               +--------+--------+--------+--------+--------+-----+--------+

Top non-repeatable levels by time:
     D:1: 347 daAuts
